 Dungeon Crawl Stone Soup version 0.28-a0-1074-g3cb2360906 (webtiles) character file.

Game seed: 3155129820850161334

92 Gargoyl the Skirmisher (level 4, -1/41 HPs)
             Began as a Gnoll Abyssal Knight on Dec 9, 2021.
             Was a Follower of Lugonu.
             Slain by a gnoll (4 damage)
             ... on level 2 of the Dungeon.
             The game lasted 00:03:27 (2375 turns).

Gargoyl the Skirmisher (Gnoll Abyssal Knight)       Turns: 2375, Time: 00:03:28

Health: -1/41      AC:  9    Str: 15    XL:     4   Next: 60%
Magic:  7/7        EV:  7    Int:  9    God:    Lugonu [*.....]
Gold:   107        SH:  0    Dex: 12    Spells: 5/5 levels left

rFire   . . .      SeeInvis .   d - +0 falchion (drain)
rCold   . . .      Faith    .   (no shield)
rNeg    . . .      Spirit   .   b - +0 chain mail
rPois   .          Reflect  .   (no helmet)
rElec   .          Harm     .   (no cloak)
rCorr   .          Rampage  .   (no gloves)
Will    .....                   (no boots)
Stlth   ..........              (no amulet)
HPRegen 0.13/turn               (no ring)
MPRegen 0.10/turn               (no ring)

@: no status effects
A: fangs 1, strong nose, distributed training
a: Renounce Religion, Depart the Abyss


You were on level 2 of the Dungeon.
You worshipped Lugonu.
Lugonu was aware of your devotion.
You visited 1 branch of the dungeon, and saw 2 of its levels.
You visited the Abyss 1 time.

You collected 107 gold pieces.

Inventory:

Hand Weapons
 a - a +1 hand axe
 d - a +0 falchion of draining (weapon)
Armour
 b - a +0 chain mail (worn)
Scrolls
 c - a scroll of identify
 e - a scroll of fear {unknown}


   Skills:
 + Level 6.6 Fighting
 + Level 1.2 Short Blades
 + Level 1.2 Long Blades
 + Level 4.6 Axes
 + Level 1.2 Maces & Flails
 + Level 1.2 Polearms
 + Level 1.2 Staves
 + Level 1.2 Slings
 + Level 1.2 Bows
 + Level 1.2 Crossbows
 + Level 1.2 Throwing
 + Level 4.6 Armour
 + Level 2.8 Dodging
 + Level 1.2 Stealth
 + Level 1.2 Shields
 + Level 1.2 Unarmed Combat
 + Level 1.2 Spellcasting
 + Level 1.0 Conjurations
 + Level 1.0 Hexes
 + Level 1.0 Summonings
 + Level 1.0 Necromancy
 + Level 1.0 Translocations
 + Level 1.0 Transmutations
 + Level 1.0 Fire Magic
 + Level 1.0 Ice Magic
 + Level 1.0 Air Magic
 + Level 1.0 Earth Magic
 + Level 1.0 Poison Magic
 + Level 4.7 Invocations
 + Level 1.2 Evocations


You had 5 spell levels left.
You didn't know any spells.
Your spell library was empty.

Dungeon Overview and Level Annotations

Branches:
Dungeon (2/15)

Altars:


Innate Abilities, Weirdness & Mutations

You have very sharp teeth.
Your uncanny sense of smell can sniff out nearby items.
Your experience applies equally to all skills.


Message History

Things that are here:
a +0 club; a kobold corpse The bat hits you but does no damage.
The bat hits you but does no damage. The bat hits you.
The bat hits you but does no damage.
The gnoll hits you from afar with a +0 halberd!
* * * LOW HITPOINT WARNING * * *
The bat hits you but does no damage. x2
The bat hits you but does no damage. The bat hits you but does no damage.
The bat hits you but does no damage.
You hit the bat.
The bat is moderately wounded.
The bat hits you but does no damage. The bat barely misses you.
The bat closely misses you.
You hit the bat.
You kill the bat!
Lugonu accepts your kill. The gnoll barely misses you. x2
Okay, then.
It was a potion of curing.
You feel better.
The gnoll hits you from afar with a +0 halberd.
You feel better. The gnoll hits you but does no damage.
You closely miss the gnoll. The gnoll closely misses you.
The gnoll hits you from afar with a +0 spear.
You hit the gnoll.
The gnoll is heavily wounded.
The gnoll hits you with a +0 halberd! The gnoll hits you but does no damage.
The gnoll hits you with a +0 halberd!
* * * LOW HITPOINT WARNING * * *
You hit the gnoll but do no damage. You drain the gnoll.
The gnoll is severely wounded.
The gnoll hits you but does no damage. x2
Your chain mail prevents you from hitting the gnoll.
The gnoll is severely wounded.
The gnoll hits you but does no damage. The gnoll hits you with a +0 halberd.
* * * LOW HITPOINT WARNING * * *
The gnoll hits you from afar with a +0 spear.
You die...

#......# ##.#
######g# #...
#.# #.## #g#
#.# #.# ###.##
#g# #..... #.#
#.#.##
.###########.#
#.#.##
........@gggg#
#.#.##
.#############
#.#... #.####
#.# # #.####
#..... ######


You could see 4 gnolls.

Vanquished Creatures
  2 adders (D:2)
  4 gnolls (D:2)
  2 endoplasms
  3 giant cockroaches (D:1)
  A hobgoblin (D:2)
  3 jackals (D:1)
  5 kobolds
  2 quokkas (D:2)
  2 bats (D:2)
  3 frilled lizards
  4 goblins
  3 rats
34 creatures vanquished.

Notes
Turn   | Place    | Note
-------+----------+-------------------------------------------
     0 | Abyss:1  | Gargoyl the Gnoll Abyssal Knight began the quest for the
                  | Orb.
     0 | Abyss:1  | Reached XP level 1. HP: 23/23 MP: 3/3
    70 | Abyss:1  | Noticed an iron imp
    99 | Abyss:2  | Found a corrupted altar of Lugonu.
   168 | Abyss:2  | Noticed a spriggan defender simulacrum
   168 | Abyss:2  | Noticed an orange demon
   169 | Abyss:2  | Noticed a green death
   170 | D:1      | Escaped the Abyss
   437 | D:1      | Reached XP level 2. HP: 29/29 MP: 5/5
   805 | D:1      | Reached * piety under Lugonu
  1513 | D:2      | Reached XP level 3. HP: 29/35 MP: 6/6
  1877 | D:2      | Reached skill level 1 in Short Blades
  1877 | D:2      | Reached skill level 1 in Long Blades
  1877 | D:2      | Reached skill level 1 in Maces & Flails
  1877 | D:2      | Reached skill level 1 in Polearms
  1877 | D:2      | Reached skill level 1 in Staves
  1877 | D:2      | Reached skill level 1 in Slings
  1877 | D:2      | Reached skill level 1 in Bows
  1877 | D:2      | Reached skill level 1 in Crossbows
  1877 | D:2      | Reached skill level 1 in Throwing
  1877 | D:2      | Reached skill level 1 in Stealth
  1877 | D:2      | Reached skill level 1 in Shields
  1877 | D:2      | Reached skill level 1 in Unarmed Combat
  1877 | D:2      | Reached skill level 1 in Spellcasting
  1877 | D:2      | Reached skill level 1 in Evocations
  1890 | D:2      | Reached XP level 4. HP: 35/41 MP: 7/7
  2153 | D:2      | Reached skill level 1 in Conjurations
  2153 | D:2      | Reached skill level 1 in Hexes
  2153 | D:2      | Reached skill level 1 in Summonings
  2153 | D:2      | Reached skill level 1 in Necromancy
  2153 | D:2      | Reached skill level 1 in Translocations
  2153 | D:2      | Reached skill level 1 in Transmutations
  2153 | D:2      | Reached skill level 1 in Fire Magic
  2153 | D:2      | Reached skill level 1 in Ice Magic
  2153 | D:2      | Reached skill level 1 in Air Magic
  2153 | D:2      | Reached skill level 1 in Earth Magic
  2153 | D:2      | Reached skill level 1 in Poison Magic
  2375 | D:2      | Slain by a gnoll

Illustrated notes

Levels and vault maps discovered:
D:1:      roderic_octagonal_star, layout_loops_corners
D:2:      layout_loops_corners, nicolae_ecumenical_lake_church

Skill      XL: |  1  2  3  4 |
---------------+-------------+-----
Short Blades   | 1 |  1.2
Long Blades    | 1 |  1.2
Maces & Flails | 1 |  1.2
Polearms       | 1 |  1.2
Staves         | 1 |  1.2
Slings         | 1 |  1.2
Bows           | 1 |  1.2
Crossbows      | 1 |  1.2
Throwing       | 1 |  1.2
Stealth        | 1 |  1.2
Shields        | 1 |  1.2
Unarmed Combat | 1 |  1.2
Spellcasting   | 1 |  1.2
Evocations     | 1 |  1.2
Conjurations   | 1 |  1.0
Hexes          | 1 |  1.0
Summonings     | 1 |  1.0
Necromancy     | 1 |  1.0
Translocations | 1 |  1.0
Transmutations | 1 |  1.0
Fire Magic     | 1 |  1.0
Ice Magic      | 1 |  1.0
Air Magic      | 1 |  1.0
Earth Magic    | 1 |  1.0
Poison Magic   | 1 |  1.0
Fighting       | |  6.6
Axes           | |  4.6
Armour         | |  4.6
Dodging        | |  2.8
Invocations    | |  4.7

Action                   |  1- 3 |  4- 6 || total
-------------------------+-------+-------++-------
Melee: Falchion          |    81 |    30 ||   111
       Bite              |     5 |     3 ||     8
Invok: Depart the Abyss  |     1 |       ||     1
  Use: Scroll            |     4 |       ||     4
       Potion            |     2 |     2 ||     4
Armor: Leather armour    |    14 |       ||    14
       Ring mail         |    24 |     6 ||    30
       Chain mail        |       |    33 ||    33
Dodge: Dodged            |    71 |    21 ||    92

Table legend: (Time is in decaauts)
 A = Elapsed time spent in this place.
 B = Non-inter-level travel time spent in this place.
 C = Inter-level travel time spent in this place.
 D = Time resting spent in this place.
 E = Time spent auto-exploring this place.
 F = Levels seen in this place.
 G = Mean time per level.
                   A        B        C        D        E       F      G
               +--------+--------+--------+--------+--------+-----+--------+
         Total |   2404 |   2343 |     61 |      0 |   1870 |   4 |  601.0 |
       Dungeon |   2233 |   2172 |     61 |      0 |   1760 |   2 | 1116.5 |
         Abyss |    171 |    171 |      0 |      0 |    110 |   2 |   85.5 |
               +--------+--------+--------+--------+--------+-----+--------+

Top non-repeatable levels by time:
     D:2: 1157 daAuts
     D:1: 1075 daAuts
 Abyss:1: 97 daAuts
 Abyss:2: 73 daAuts
